 Dungeon Crawl Stone Soup version 0.19-a0-978-g9f5ef2c (webtiles) character file.

12 Implojin the Ruffian (level 2, -4/29 HPs)
             Began as a Troll Fighter on July 13, 2016.
             Slain by a goblin
             ... wielding a +0 dagger
             ... led by Robin
              (7 damage)
             ... on level 3 of the Dungeon.
             The game lasted 00:01:02 (146 turns).

Implojin the Ruffian (Troll Fighter)                 Turns: 146, Time: 00:01:03

Health: -4/29      AC:  5    Str: 28    XL:     2   Next: 20%
Magic:  1/1        EV:  8    Int:  4    God:
Gold:   24         SH:  9    Dex:  9    Spells: 0 memorised, 1 level left

rFire  . . .     SeeInvis .       - Unarmed
rCold  . . .     Gourm    +     a - +0 robe
rNeg   . . .     Faith    .     b - +0 shield
rPois  .         Spirit   .     (helmet restricted)
rElec  .         Dismiss  .     (no cloak)
rCorr  .         Reflect  .     (gloves unavailable)
SustAt .         Harm     .     (boots unavailable)
MR     .....                    (no amulet)
Stlth  +.........               (no ring)
                                (no ring)

@: mighty, not resistant to hostile enchantments, very unstealthy
A: unfitting armour, claws 3, fast metabolism 3, gourmand, regeneration 2,
shaggy fur 1, tough skin 2
a: no special abilities


You were on level 3 of the Dungeon.
You were very full.

You visited 1 branch of the dungeon, and saw 3 of its levels.

You collected 24 gold pieces.

Inventory:

Armour
 a - a +0 robe (worn)
 b - a +0 shield (worn)
Scrolls
 g - a scroll of identify {unknown}
Potions
 c - a potion of might
 f - a potion of curing {unknown}
Comestibles
 d - 2 bread rations


   Skills:
 - Level 2.4 Fighting
 - Level 2.4 Dodging
 - Level 2.4 Shields
 * Level 2.9 Unarmed Combat


You had one spell level left.
You didn't know any spells.

Dungeon Overview and Level Annotations

Branches:
Dungeon (3/15)

Altars:

Portals:
Abyss: D:1***

Annotations:
D:3 Robin; zxkuqyb's ghost, amateur GrMo


Innate Abilities, Weirdness & Mutations

You are too large for most types of armour.
You have claws for hands.
Your metabolism is lightning-fast.
You like to eat raw meat.
You heal very quickly.
You are covered in fur. (AC +1)
You have very tough skin. (AC +2)


Message History

You block the goblin's attack.
You closely miss the goblin. The goblin hits you but does no damage.
You block the goblin's attack. x2; Robin throws the goblin at you!
Unknown command.
You feel very mighty all of a sudden.
The goblin unwields an uncursed hunting sling of flaming.
It stops flaming.
The goblin wields an uncursed club.
You block the goblin's attack. Zxkuqyb's ghost closely misses you.
The goblin closely misses you. The goblin hits you but does no damage.
You block the goblin's attack.
Unknown command.
Unknown command.
You scratch the goblin.
You kill the goblin!
You block zxkuqyb's ghost's attack.
The goblin hits you with an uncursed club.
Robin says, "Duck!"
Robin throws the goblin at you! The goblin hits you.
Unknown command.
You closely miss the goblin. You block the goblin's attack.
The goblin hits you with a dagger. You block zxkuqyb's ghost's attack.
The goblin barely misses you. The goblin closely misses you.
The goblin hits you with a dagger.
Unknown command.
Unknown command.
You barely miss the goblin. The goblin hits you but does no damage.
Zxkuqyb's ghost hits you.
* * * LOW HITPOINT WARNING * * *
You block the goblin's attack. x2
The goblin hits you with an uncursed club.
* * * LOW HITPOINT WARNING * * *
Unknown command.
As you read the scroll labeled TIESSEFUVAY, it crumbles to dust.
The creatures around you are filled with an inner flame!
It was a scroll of immolation.
The goblin hits you with a club.
* * * LOW HITPOINT WARNING * * *
Zxkuqyb's ghost hits you.
* * * LOW HITPOINT WARNING * * *
The goblin barely misses you. The goblin hits you with a dagger!
You die...

###########
#.........#
#.........#
#..<......#
#...ggg...####
#...ggggg.....
######@W#####
##g# .# .# ..
##


You could see Robin (inner flame), zxkuqyb's ghost (inner flame), 2 hobgoblins
and 6 goblins.

Vanquished Creatures
  A bat (D:1)
  A giant cockroach (D:1)
  3 goblins
  3 hobgoblins
  2 rats
10 creatures vanquished.

Notes
Turn   | Place    | Note
-------+----------+-------------------------------------------
     0 | D:1      | Implojin the Troll Fighter began the quest for the Orb.
     0 | D:1      | Reached XP level 1. HP: 22/22 MP: 0/0
   101 | D:2      | Reached XP level 2. HP: 29/29 MP: 1/1
   136 | D:3      | Noticed Robin
   138 | D:3      | Noticed zxkuqyb's ghost (amateur GrMo)
   146 | D:3      | Slain by a goblin

Vault maps used:
D:1:      minmay_arrival_glassed_features
D:3:      zin_academy, lemuel_crystal_altar, uniq_robin

Action                   || total
-------------------------++-------
Melee: Unarmed           ||    42
  Use: Scroll            ||     1
       Potion            ||     1
  Eat: Chunk             ||     5
Armor: Robe              ||    38
Dodge: Dodged            ||    43
Block: Shield            ||    48

Table legend:
 A = Turns spent in this place as a percentage of turns spent in the entire game.
 B = Non-inter-level travel turns spent in this place as a percentage of non-inter-level travel turns spent in the entire game.
 C = Inter-level travel turns spent in this place as a percentage of turns spent in this place.
 D = Turns resting spent in this place as a percentage of non-inter-level travel turns spent in this place.
 E = Turns spent auto-exploring this place as a percentage of non-inter-level travel turns spent in this place.
 F = Non-inter-level travel turns spent in this place divided by the number of levels of this place that you've seen.
                   A       B       C       D       E      F
               +-------+-------+-------+-------+-------+----------------------
         Total | 100.0 | 100.0 |   0.0 |   0.0 |   0.0 |  48.7
       Dungeon | 100.0 | 100.0 |   0.0 |   0.0 |   0.0 |  48.7
               +-------+-------+-------+-------+-------+----------------------

Table legend:
 A = Kills in this place as a percentage of kills in entire the game.
 B = Kills by you in this place as a percentage of kills by you in the entire game.
 C = Kills by friends in this place as a percentage of kills by friends in the entire game.
 D = Other kills in this place as a percentage of other kills in the entire game.
 E = Experience gained in this place as a percentage of experience gained in the entire game.
 F = Experience gained in this place divided by the number of levels of this place that you have seen.
                   A       B       C       D       E      F
               +-------+-------+-------+-------+-------+----------------------
         Total | 100.0 | 100.0 |  -nan |  -nan | 100.0 |   6.0
       Dungeon | 100.0 | 100.0 |  -nan |  -nan | 100.0 |   6.0
               +-------+-------+-------+-------+-------+----------------------
